 Dungeon Crawl Stone Soup version 0.25.0-37-gb73750e0fb (webtiles) character file.

Game seed: 5664719489912460593

88 Aviak the Firebug (level 4, 33/33 HPs)
             Began as a Demonspawn Fire Elementalist on July 8, 2020.
             Quit the game on level 2 of the Dungeon.
             The game lasted 00:03:17 (2027 turns).

Aviak the Firebug (Demonspawn Fire Elementalist)    Turns: 2027, Time: 00:03:17

Health: 33/33      AC:  2    Str:  8    XL:     4   Next: 30%
Magic:  8/8        EV: 12    Int: 17    God:
Gold:   66         SH:  0    Dex: 14    Spells: 7/8 levels left

rFire    . . .     SeeInvis .   j - +0 dagger
rCold    . . .     Gourm    .   (no shield)
rNeg     . . .     Faith    .   a - +0 robe
rPois    .         Spirit   .   (helmet restricted)
rElec    .         Reflect  .   (no cloak)
rCorr    .         Harm     .   (no gloves)
MR       .....                  (no boots)
Stlth    ++........             (no amulet)
HPRegen  0.11/turn              (no ring)
MPRegen  0.11/turn              (no ring)

@: no status effects
A: horns 1, spiny 1
a: no special abilities


You were on level 2 of the Dungeon.
You were not hungry.

You visited 1 branch of the dungeon, and saw 2 of its levels.

You collected 66 gold pieces.

Inventory:

Hand Weapons
 j - a +0 dagger (weapon)
Armour
 a - a +0 robe (worn)
 h - a +0 pair of gloves
Scrolls
 b - 7 scrolls of identify {unknown}
 d - a scroll of noise {unknown}
 f - a scroll of fog {unknown}
 l - a scroll of teleportation {unknown}
 m - 2 scrolls of remove curse {unknown}
 n - a scroll of blinking {unknown}
 o - a scroll of enchant armour {unknown}
Potions
 e - 2 potions of haste
 g - a potion of brilliance {unknown}
 i - a potion of cancellation {unknown}
 k - 2 potions of flight {unknown}
 p - a potion of curing {unknown}
Comestibles
 c - 2 rations


   Skills:
 + Level 2.1 Fighting
 - Level 1.7 Dodging
 - Level 1.7 Stealth
 + Level 2.9 Spellcasting
 - Level 1.0 Conjurations
 + Level 3.4 Fire Magic


You had 7 spell levels left.
You knew the following spells:

 Your Spells              Type           Power        Failure   Level  Hunger
a - Foxfire               Conj/Fire      ##..         7%          1    None

Your spell library contained the following spells:

 Spells                   Type           Power        Failure   Level  Hunger
 Conjure Flame            Conj/Fire      ##......     22%         3    ###....
 Inner Flame              Hex/Fire       #.......     26%         3    ###....
 Sticky Flame             Conj/Fire      ##......     56%         4    ####...
 Fireball                 Conj/Fire      ##........   89%         5    ######.


Dungeon Overview and Level Annotations

Branches:
Dungeon (2/15)

Altars:


Innate Abilities, Weirdness & Mutations

You have a pair of small horns on your head.
You are partially covered in sharp spines.


Message History

The quokka zombie barely misses you.
You hit the quokka zombie.
The quokka zombie is severely damaged.
The quokka zombie is struck by your spines.
You destroy the quokka zombie!
Found a white potion.
p - a white potion A dart slug comes into view.
A dart slug is nearby!
A dart slug is nearby!
A dart slug is nearby!
The dart slug misses you.
You hit the dart slug but do no damage. You headbutt the dart slug.
The dart slug is lightly wounded.
The dart slug closely misses you.
You hit the dart slug but do no damage.
The dart slug is lightly wounded.
You hit the dart slug. You headbutt the dart slug.
You kill the dart slug!
Are you sure you want to abandon this character and quit the game? (Confirm with "yes".)

##############
#.............
#.###########.
#####.# #.
#.....#
######.
#.#####
#....... #.#
#.#####. #@#
.#. #.....#
... #.#####
#... #.## #.
#... #. ##.
#... #. ####[.
... #. #...>.
..
#.####...#.# #


There were no monsters in sight!

Vanquished Creatures
  3 gnolls (D:2)
  An ooze (D:2)
  3 worms (D:2)
  2 dart slugs (D:2)
  A leopard gecko (D:1)
  2 giant cockroaches
  4 goblins
  4 hobgoblins
  4 jackals (D:2)
  5 kobolds (D:1)
  3 quokkas (D:2)
  3 bats
  A frilled lizard (D:1)
  A quokka zombie (D:2)
  4 rats
41 creatures vanquished.

Vanquished Creatures (collateral kills)
  A goblin (D:1)
1 creature vanquished.

Vanquished Creatures (others)
  101 foxfires
101 creatures vanquished.

Grand Total: 143 creatures vanquished

Notes
Turn   | Place    | Note
-------+----------+-------------------------------------------
     0 | D:1      | Aviak the Demonspawn Fire Elementalist began the quest for
                  | the Orb.
     0 | D:1      | Reached XP level 1. HP: 13/13 MP: 3/3
   605 | D:1      | Gained mutation: You have a pair of small horns on your
                  | head. [demonic ancestry]
   605 | D:1      | Reached XP level 2. HP: 20/20 MP: 1/5
   713 | D:1      | Reached skill level 1 in Fighting
   763 | D:1      | Reached skill level 3 in Fire Magic
  1323 | D:2      | Reached XP level 3. HP: 17/26 MP: 2/6
  1700 | D:2      | Gained mutation: You are partially covered in sharp spines.
                  | [demonic ancestry]
  1700 | D:2      | Reached XP level 4. HP: 33/33 MP: 2/8
  2027 | D:2      | Quit the game

Illustrated notes

Levels and vault maps discovered:
D:1:      saegor_arrival_simple_c, layout_loops_ring, minmay_tripent
D:2:      wander_river, layout_loops_ring

Skill      XL: |  1  2  3 |
---------------+----------+-----
Fighting       | 1 2 |  2.1
Fire Magic     | 3 |  3.4
Dodging        | |  1.7
Stealth        | |  1.7
Spellcasting   | |  2.9
Conjurations   | |  1.0

Action                   |  1- 3 |  4- 6 || total
-------------------------+-------+-------++-------
Melee: Unarmed           |     9 |       ||     9
       Dagger            |    33 |     5 ||    38
       Headbutt          |     7 |     2 ||     9
 Cast: Foxfire           |    52 |    20 ||    72
  Eat: Chunk             |     3 |     1 ||     4
Armor: Robe              |    11 |       ||    11
Dodge: Dodged            |    32 |     6 ||    38
